2987 views
Uploaded 2020-01-21 21:02:26
Game version 1.32.0.6
13:58 long 3on3 ladder game on (6)GnollWood
Saved by BEARAND
2987 views
Uploaded 2020-01-21 21:02:26
Game version 1.32.0.6
13:58 long 3on3 ladder game on (6)GnollWood


42 units @ 3.8k
/ 0.1k
107 buildings @ 6.8k
/ 3.2k



| Orb of Corruption | 1 | 375 |
| Rod of Necromancy | 1 | 150 |
| Sacrificial Skull | 1 | 50 |
| Scroll of Healing | 1 | 250 |
| Boots of Speed | 3 | 750 |
| Staff of Teleportation | 2 | 300 |
| Circlet of Nobility | 1 | 175 |
| total: | 10 | 2050g |
| Acolyte | 2 | 150 | / | 0 |
| Ghoul | 3 | 360 | / | 0 |
| Obsidian Statue | 4 | 800 | / | 140 |
| total: | 9 | 1310g | / | 140w |
| Nerubian Tower | 1 | 100 | / | 20 |
| Altar of Darkness | 1 | 180 | / | 50 |
| Ziggurat | 3 | 450 | / | 150 |
| Crypt | 1 | 200 | / | 50 |
| Tomb of Relics | 1 | 130 | / | 30 |
| Graveyard | 1 | 215 | / | 0 |
| Slaughterhouse | 1 | 140 | / | 135 |
| Halls of the Dead | 1 | 320 | / | 210 |
| Black Citadel | 1 | 325 | / | 230 |
| total: | 8 | 1315g | / | 415w |
| 0:01 | Acolyte |
| 0:05 | Altar of Darkness |
| 0:07 | Acolyte |
| 0:15 | Ziggurat |
| 0:33 | Crypt |
| 1:28 | Nerubian Tower |
| 1:38 | Ghoul |
| 1:47 | Tomb of Relics |
| 2:04 | Death Coil |
| 2:10 | Ghoul |
| 2:28 | Ghoul |
| 3:41 | Halls of the Dead |
| 3:49 | Boots of Speed |
| 4:36 | Ziggurat |
| 5:11 | Graveyard |
| 6:25 | Unholy Aura |
| 7:01 | Black Citadel |
| 7:05 | Frost Nova |
| 7:34 | Boots of Speed |
| 7:34 | Staff of Teleportation |
| 8:42 | Ziggurat |
| 8:45 | Slaughterhouse |
| 9:24 | Orb of Corruption |
| 9:32 | Rod of Necromancy |
| 9:32 | Scroll of Healing |
| 9:32 | Sacrificial Skull |
| 10:26 | Obsidian Statue |
| 10:41 | Frost Armor |
| 10:52 | Rain of Fire |
| 11:09 | Obsidian Statue |
| 11:14 | Boots of Speed |
| 11:14 | Staff of Teleportation |
| 11:15 | Circlet of Nobility |
| 12:45 | Death Coil |
| 12:48 | Obsidian Statue |
| 13:12 | Cleaving Attack |
| 13:25 | Obsidian Statue |
| 13:25 | Destroyer Form |
| Right click | 678 |
| Select group | 406 |
| Assign group | 303 |
| Select | 97 |
| Resource trade | 66 |
| Chat | 58 |
| Build/train/purchase | 41 |
| Use ability | 39 |
| Misc. action | 35 |
| Item give/drop | 5 |


| Circlet of Nobility | 1 | 175 |
| Boots of Speed | 1 | 250 |
| Staff of Teleportation | 1 | 150 |
| Periapt of Vitality | 1 | 325 |
| total: | 4 | 900g |
| Peasant | 17 | 1275 | / | 0 |
| total: | 17 | 1275g | / | 0w |
| Scout Tower | 26 | 780 | / | 520 |
| Arcane Tower | 2 | 140 | / | 100 |
| Guard Tower | 10 | 700 | / | 500 |
| Altar of Kings | 1 | 180 | / | 50 |
| Farm | 4 | 320 | / | 80 |
| Lumber Mill | 1 | 120 | / | 0 |
| Arcane Vault | 3 | 390 | / | 90 |
| Town Hall | 1 | 385 | / | 205 |
| Blacksmith | 1 | 140 | / | 60 |
| Barracks | 1 | 160 | / | 60 |
| Arcane Sanctum | 1 | 150 | / | 140 |
| Gryphon Aviary | 1 | 140 | / | 150 |
| Keep | 1 | 320 | / | 210 |
| Castle | 1 | 360 | / | 210 |
| total: | 40 | 2765g | / | 1355w |
| 0:06 | Peasant |
| 0:07 | Peasant |
| 0:10 | Altar of Kings |
| 0:16 | Farm |
| 0:19 | Peasant |
| 0:37 | Peasant |
| 0:48 | Peasant |
| 0:57 | Scout Tower |
| 1:02 | Lumber Mill |
| 1:05 | Peasant |
| 1:16 | Farm |
| 1:21 | Peasant |
| 1:26 | Arcane Tower |
| 1:28 | Peasant |
| 1:29 | Peasant |
| 1:39 | Scout Tower |
| 1:56 | Farm |
| 2:01 | Peasant |
| 2:08 | Blizzard |
| 2:14 | Guard Tower |
| 2:18 | Peasant |
| 2:42 | Peasant |
| 2:44 | Scout Tower |
| 2:55 | Arcane Vault |
| 3:02 | Circlet of Nobility |
| 3:09 | Peasant |
| 3:11 | Guard Tower |
| 3:12 | Scout Tower |
| 3:33 | Brilliance Aura |
| 3:37 | Peasant |
| 3:38 | Peasant |
| 3:40 | Guard Tower |
| 3:42 | Scout Tower |
| 3:58 | Boots of Speed |
| 3:59 | Staff of Teleportation |
| 4:07 | Keep |
| 4:18 | Scout Tower |
| 4:18 | Guard Tower |
| 4:20 | Scout Tower |
| 4:20 | Scout Tower |
| 4:37 | Scout Tower |
| 4:37 | Scout Tower |
| 4:38 | Scout Tower |
| 5:08 | Guard Tower |
| 5:13 | Arcane Tower |
| 5:34 | Guard Tower |
| 5:36 | Scout Tower |
| 5:37 | Scout Tower |
| 5:37 | Scout Tower |
| 5:38 | Scout Tower |
| 6:15 | Farm |
| 6:29 | Castle |
| 6:37 | Periapt of Vitality |
| 7:37 | Storm Bolt |
| 8:06 | Scout Tower |
| 8:07 | Scout Tower |
| 8:08 | Scout Tower |
| 8:09 | Scout Tower |
| 8:10 | Scout Tower |
| 8:11 | Scout Tower |
| 8:16 | Guard Tower |
| 8:21 | Arcane Sanctum |
| 8:25 | Arcane Vault |
| 8:28 | Arcane Vault |
| 8:38 | Town Hall |
| 8:45 | Guard Tower |
| 8:52 | Improved Masonry |
| 9:46 | Scout Tower |
| 9:47 | Scout Tower |
| 9:48 | Scout Tower |
| 9:48 | Scout Tower |
| 10:19 | Guard Tower |
| 10:33 | Magic Sentry |
| 10:34 | Advanced Masonry |
| 10:37 | Blacksmith |
| 10:39 | Barracks |
| 10:41 | Gryphon Aviary |
| 10:47 | Peasant |
| 10:47 | Peasant |
| 11:11 | Blizzard |
| 11:14 | Scout Tower |
| Right click | 460 |
| Select group | 366 |
| Select | 111 |
| Build/train/purchase | 51 |
| Use ability | 20 |
| Misc. action | 18 |
| Chat | 15 |
| Assign group | 7 |
| Item give/drop | 6 |
| Minimap ping | 4 |



| Boots of Speed | 2 | 500 |
| Staff of Teleportation | 2 | 300 |
| Periapt of Vitality | 1 | 325 |
| total: | 5 | 1125g |
| Peasant | 16 | 1200 | / | 0 |
| total: | 16 | 1200g | / | 0w |
| Scout Tower | 51 | 1530 | / | 1020 |
| Arcane Tower | 4 | 280 | / | 200 |
| Guard Tower | 42 | 2940 | / | 2100 |
| Altar of Kings | 2 | 360 | / | 100 |
| Farm | 4 | 320 | / | 80 |
| Lumber Mill | 1 | 120 | / | 0 |
| Town Hall | 1 | 385 | / | 205 |
| Keep | 2 | 640 | / | 420 |
| Castle | 2 | 720 | / | 420 |
| total: | 59 | 2715g | / | 1405w |
| 0:02 | Peasant |
| 0:02 | Peasant |
| 0:08 | Altar of Kings |
| 0:09 | Altar of Kings |
| 0:18 | Farm |
| 0:21 | Peasant |
| 0:37 | Farm |
| 0:38 | Scout Tower |
| 0:38 | Peasant |
| 0:40 | Peasant |
| 1:06 | Lumber Mill |
| 1:07 | Peasant |
| 1:14 | Scout Tower |
| 1:15 | Peasant |
| 1:29 | Peasant |
| 1:43 | Scout Tower |
| 1:44 | Scout Tower |
| 1:44 | Scout Tower |
| 1:47 | Arcane Tower |
| 1:52 | Scout Tower |
| 2:06 | Blizzard |
| 2:08 | Guard Tower |
| 2:10 | Scout Tower |
| 2:10 | Peasant |
| 2:11 | Peasant |
| 2:11 | Peasant |
| 2:11 | Peasant |
| 2:11 | Peasant |
| 2:11 | Peasant |
| 2:35 | Arcane Tower |
| 2:35 | Guard Tower |
| 2:54 | Guard Tower |
| 3:08 | Guard Tower |
| 3:09 | Scout Tower |
| 3:09 | Scout Tower |
| 3:10 | Scout Tower |
| 3:11 | Scout Tower |
| 3:11 | Scout Tower |
| 3:13 | Scout Tower |
| 3:14 | Scout Tower |
| 3:14 | Scout Tower |
| 3:34 | Brilliance Aura |
| 3:41 | Boots of Speed |
| 3:42 | Staff of Teleportation |
| 3:48 | Guard Tower |
| 3:50 | Guard Tower |
| 3:50 | Guard Tower |
| 4:04 | Improved Masonry |
| 4:05 | Guard Tower |
| 4:06 | Guard Tower |
| 4:46 | Keep |
| 5:05 | Town Hall |
| 5:11 | Scout Tower |
| 5:12 | Scout Tower |
| 5:13 | Scout Tower |
| 5:13 | Scout Tower |
| 5:14 | Scout Tower |
| 5:14 | Scout Tower |
| 5:32 | Scout Tower |
| 5:40 | Arcane Tower |
| 5:40 | Guard Tower |
| 5:41 | Scout Tower |
| 5:43 | Scout Tower |
| 6:10 | Guard Tower |
| 6:10 | Guard Tower |
| 6:12 | Scout Tower |
| 6:12 | Scout Tower |
| 6:13 | Scout Tower |
| 6:13 | Scout Tower |
| 6:14 | Scout Tower |
| 6:18 | Guard Tower |
| 6:19 | Guard Tower |
| 6:24 | Farm |
| 6:25 | Farm |
| 6:52 | Periapt of Vitality |
| 6:56 | Guard Tower |
| 7:14 | Guard Tower |
| 7:15 | Guard Tower |
| 7:17 | Scout Tower |
| 7:18 | Scout Tower |
| 7:18 | Blizzard |
| 7:24 | Scout Tower |
| 7:25 | Scout Tower |
| 7:26 | Scout Tower |
| 7:26 | Scout Tower |
| 7:27 | Scout Tower |
| 7:28 | Scout Tower |
| 7:29 | Scout Tower |
| 7:29 | Scout Tower |
| 8:36 | Guard Tower |
| 8:36 | Guard Tower |
| 8:38 | Peasant |
| 8:38 | Peasant |
| 9:03 | Guard Tower |
| 9:20 | Scout Tower |
| 9:21 | Scout Tower |
| 9:21 | Scout Tower |
| 9:22 | Scout Tower |
| 10:06 | Guard Tower |
| 10:08 | Guard Tower |
| 10:08 | Guard Tower |
| 10:09 | Scout Tower |
| 10:09 | Scout Tower |
| 10:10 | Scout Tower |
| 10:11 | Scout Tower |
| 10:11 | Scout Tower |
| 10:12 | Scout Tower |
| 10:12 | Scout Tower |
| 10:13 | Scout Tower |
| 10:15 | Storm Bolt |
| 10:45 | Improved Lumber Harvesting |
| 10:47 | Castle |
| 10:55 | Boots of Speed |
| 10:55 | Staff of Teleportation |
| 11:24 | Guard Tower |
| 11:24 | Guard Tower |
| 12:35 | Holy Light |
| 13:04 | Bash |
| 13:19 | Guard Tower |
| 13:34 | Guard Tower |
| Right click | 1140 |
| Select | 232 |
| Select group | 184 |
| Chat | 115 |
| Build/train/purchase | 91 |
| Use ability | 24 |
| Assign group | 10 |
| Misc. action | 7 |
| Resource trade | 6 |
| Remove unit | 1 |
| Minimap ping | 1 |
50 units @ 7.3k
/ 0.5k
31 buildings @ 4.5k
/ 1.7k
| Peasant | 5 | 375 | / | 0 |
| Footman | 6 | 810 | / | 0 |
| Rifleman | 6 | 1230 | / | 180 |
| Gryphon Rider | 3 | 840 | / | 210 |
| Priest | 1 | 135 | / | 10 |
| total: | 21 | 3390g | / | 400w |
| Barracks | 1 | 160 | / | 60 |
| Farm | 4 | 320 | / | 80 |
| Lumber Mill | 1 | 120 | / | 0 |
| Altar of Kings | 1 | 180 | / | 50 |
| Blacksmith | 1 | 140 | / | 60 |
| Arcane Sanctum | 1 | 150 | / | 140 |
| Gryphon Aviary | 1 | 140 | / | 150 |
| Workshop | 1 | 140 | / | 140 |
| Keep | 1 | 320 | / | 210 |
| Castle | 1 | 360 | / | 210 |
| total: | 11 | 1350g | / | 680w |
| 0:21 | Barracks |
| 0:26 | Peasant |
| 0:27 | Peasant |
| 0:27 | Peasant |
| 1:19 | Farm |
| 1:28 | Lumber Mill |
| 1:38 | Footman |
| 1:38 | Footman |
| 2:06 | Altar of Kings |
| 2:40 | Blacksmith |
| 2:47 | Peasant |
| 2:47 | Peasant |
| 3:22 | Farm |
| 4:07 | Farm |
| 4:14 | Keep |
| 4:38 | Iron Forged Swords |
| 4:46 | Rifleman |
| 4:47 | Rifleman |
| 5:02 | Farm |
| 6:55 | Arcane Sanctum |
| 7:00 | Footman |
| 7:01 | Footman |
| 7:01 | Footman |
| 7:01 | Footman |
| 7:05 | Castle |
| 7:12 | Improved Lumber Harvesting |
| 7:14 | Improved Masonry |
| 7:46 | Rifleman |
| 8:19 | Gryphon Aviary |
| 10:35 | Workshop |
| 12:07 | Gryphon Rider |
| 12:07 | Gryphon Rider |
| 12:07 | Gryphon Rider |
| 13:21 | Rifleman |
| 13:21 | Rifleman |
| 13:22 | Rifleman |
| 13:28 | Priest |
| Right click | 193 |
| Select | 81 |
| Build/train/purchase | 29 |
| Use ability | 2 |
| Esc | 1 |

| Rod of Necromancy | 2 | 300 |
| Ritual Dagger | 1 | 125 |
| Circlet of Nobility | 1 | 175 |
| Potion of Lesser Invulnerability | 1 | 150 |
| total: | 5 | 750g |
| Acolyte | 2 | 150 | / | 0 |
| Ghoul | 9 | 1080 | / | 0 |
| Obsidian Statue | 2 | 400 | / | 70 |
| total: | 13 | 1630g | / | 70w |
| Nerubian Tower | 1 | 100 | / | 20 |
| Altar of Darkness | 1 | 180 | / | 50 |
| Ziggurat | 3 | 450 | / | 150 |
| Crypt | 1 | 200 | / | 50 |
| Tomb of Relics | 1 | 130 | / | 30 |
| Graveyard | 1 | 215 | / | 0 |
| Slaughterhouse | 1 | 140 | / | 135 |
| Temple of the Damned | 1 | 155 | / | 140 |
| Halls of the Dead | 1 | 320 | / | 210 |
| Black Citadel | 1 | 325 | / | 230 |
| total: | 9 | 1470g | / | 555w |
| 0:07 | Altar of Darkness |
| 0:11 | Ziggurat |
| 0:17 | Acolyte |
| 0:31 | Acolyte |
| 0:42 | Crypt |
| 1:13 | Nerubian Tower |
| 1:16 | Tomb of Relics |
| 1:43 | Ghoul |
| 1:50 | Ghoul |
| 1:54 | Graveyard |
| 2:12 | Sleep |
| 2:15 | Ghoul |
| 2:17 | Ghoul |
| 2:29 | Rod of Necromancy |
| 2:55 | Ghoul |
| 3:02 | Halls of the Dead |
| 3:23 | Unholy Armor |
| 3:27 | Ziggurat |
| 4:11 | Ghoul |
| 4:11 | Ghoul |
| 4:22 | Ritual Dagger |
| 4:38 | Ghoul |
| 4:44 | Unholy Strength |
| 4:49 | Ghoul |
| 5:16 | Vampiric Aura |
| 5:31 | Slaughterhouse |
| 5:33 | Temple of the Damned |
| 5:58 | Ziggurat |
| 6:10 | Rod of Necromancy |
| 6:23 | Cannibalize |
| 7:02 | Necromancer Adept Training |
| 7:03 | Obsidian Statue |
| 7:03 | Obsidian Statue |
| 7:19 | Circlet of Nobility |
| 7:22 | Potion of Lesser Invulnerability |
| 7:31 | Skeletal Mastery |
| 8:08 | Black Citadel |
| Right click | 327 |
| Select group | 99 |
| Select | 91 |
| Build/train/purchase | 38 |
| Misc. action | 19 |
| Assign group | 17 |
| Use ability | 9 |
| Chat | 4 |
| Minimap ping | 2 |
| Remove unit | 1 |

| Healing Salve | 1 | 100 |
| Potion of Healing | 1 | 150 |
| Scroll of Town Portal | 1 | 350 |
| total: | 3 | 600g |
| Peon | 7 | 525 | / | 0 |
| Grunt | 9 | 1800 | / | 0 |
| total: | 16 | 2325g | / | 0w |
| Watch Tower | 2 | 220 | / | 160 |
| Altar of Storms | 1 | 180 | / | 50 |
| Orc Burrow | 5 | 800 | / | 200 |
| Barracks | 1 | 180 | / | 50 |
| War Mill | 1 | 205 | / | 0 |
| Voodoo Lounge | 1 | 130 | / | 30 |
| Stronghold | 1 | 315 | / | 190 |
| Fortress | 1 | 325 | / | 190 |
| total: | 11 | 1715g | / | 490w |
| 0:06 | Altar of Storms |
| 0:09 | Orc Burrow |
| 0:10 | Peon |
| 0:10 | Peon |
| 0:48 | Peon |
| 1:02 | Peon |
| 1:06 | Barracks |
| 1:12 | Peon |
| 1:30 | Peon |
| 1:31 | Peon |
| 1:42 | Orc Burrow |
| 2:13 | Grunt |
| 2:27 | War Stomp |
| 2:39 | Grunt |
| 3:13 | Stronghold |
| 3:15 | Grunt |
| 3:36 | War Mill |
| 3:54 | Voodoo Lounge |
| 4:24 | Grunt |
| 4:35 | Grunt |
| 4:50 | Watch Tower |
| 4:54 | Watch Tower |
| 5:04 | Orc Burrow |
| 5:11 | Healing Salve |
| 5:56 | Fortress |
| 6:05 | Grunt |
| 6:38 | Steel Armor |
| 6:39 | Steel Melee Weapons |
| 6:52 | Endurance Aura |
| 7:15 | Grunt |
| 7:30 | Orc Burrow |
| 8:04 | Grunt |
| 8:16 | Potion of Healing |
| 8:40 | Orc Burrow |
| 8:43 | Grunt |
| 8:50 | Scroll of Town Portal |
| Right click | 169 |
| Select | 101 |
| Chat | 89 |
| Build/train/purchase | 41 |
| Select group | 22 |
| Use ability | 4 |
| Assign group | 3 |
⇛